 Dungeon Crawl Stone Soup version 0.21.1-1-g345015f (webtiles) character file.

142 inc the Ducker (level 5, -2/36 HPs)
             Began as an Octopode Fighter on Apr 26, 2018.
             Slain by a two-headed ogre
             ... wielding a +0 giant club
              (16 damage)
             ... on level 4 of the Dungeon.
             The game lasted 00:03:01 (2076 turns).

inc the Ducker (Octopode Fighter)                   Turns: 2076, Time: 00:03:02

Health: -2/36      AC:  1    Str: 21    XL:     5   Next: 25%
Magic:  5/5        EV: 12    Int: 10    God:
Gold:   77         SH:  9    Dex: 12    Spells: 4/4 levels left

rFire    . . .     SeeInvis .   a - +0 flail
rCold    . . .     Gourm    .   b - +0 shield
rNeg     . . .     Faith    .   (helmet restricted)
rPois    .         Spirit   .   (no amulet)
rElec    .         Reflect  .   (no ring)
rCorr    .         Harm     .   (no ring)
MR       .....                  (no ring)
Stlth    ++........             (no ring)
HPRegen  0.12/turn              (no ring)
MPRegen  0.09/turn              (no ring)
                                (no ring)
                                (no ring)

@: mighty
A: almost no armour, stealthy swim, amphibious, 8 rings, constrict 8, camouflage
1, gelatinous body 1
a: no special abilities


You were on level 4 of the Dungeon.
You were not hungry.

You visited 1 branch of the dungeon, and saw 4 of its levels.

You collected 77 gold pieces.

Inventory:

Hand Weapons
 a - a +0 flail (weapon)
Armour
 b - a +0 shield (worn)
Jewellery
 n - an uncursed ring of ice
Scrolls
 e - a scroll of identify
 f - a scroll of remove curse
Potions
 g - 2 potions of haste
 h - a potion of agility
 j - a potion of curing
Books
 l - a book of Maledictions

   Spells                             Type                      Level
   a - Corona                         Hexes                        1
   b - Ensorcelled Hibernation        Hexes/Ice                    2
   c - Confuse                        Hexes                        3
   d - Tukima's Dance                 Hexes                        3
   e - Dazzling Spray                 Conjuration/Hexes            3
Comestibles
 d - 4 rations


   Skills:
 - Level 3.0 Fighting
 + Level 3.9 Maces & Flails
 - Level 4.1 Dodging
 + Level 3.5 Shields


You had 4 spell levels left.
You didn't know any spells.

Dungeon Overview and Level Annotations

Branches:
Dungeon (4/15)
 Temple: D:4-7

Altars:
Fedhas
Makhleb
Zin

Annotations:
D:4 Menkaure


Innate Abilities, Weirdness & Mutations

You cannot wear most types of armour.
You are very stealthy in the water. (Stealth+)
You are amphibious.
You can wear up to eight rings at the same time.
You can use your tentacles to constrict eight enemies at once.
Your skin changes colour to match your surroundings (Stealth+).
Your rubbery body absorbs attacks. (AC +1, EV +1)


Message History

Found a stone staircase leading down.
Found a whip.
A crimson imp comes into view.
The crimson imp shouts!
You hear a shout!
The crimson imp blinks!
You hear a shout!
An orc comes into view. It is wielding a dagger.
A two-headed ogre comes into view.
It is wielding a giant club and a giant spiked club.
The two-headed ogre shouts in stereo!
You hear a shout! x2
The orc throws a tomahawk.
The tomahawk closely misses you.
Okay, then.
The orc throws a tomahawk.
The tomahawk hits you!
You see here a tomahawk.
You feel very mighty all of a sudden.
The two-headed ogre barely misses you. x2
You sock the two-headed ogre!
The two-headed ogre is lightly wounded.
The two-headed ogre hits you with a giant club!
The two-headed ogre hits you with a giant spiked club!
You die...

#.##...####.# ...### #.#
##....#.##..... ###
######.######.......#..# ...
..)...............####.##.#
#######...######..........###
###...# #####....#...#
#####.# ######....#..
......#####..........)..
......#.oO@.######>.####
.....).5##### ..... ......###
#### ......# .... .# ... .. .


You could see a two-headed ogre, a crimson imp and an orc.

Vanquished Creatures
  Jessica (D:2)
  3 adders
  A gnoll (D:1)
  An ooze (D:3)
  2 worms
  4 dart slugs
  A leopard gecko (D:4)
  An orc (D:3)
  3 ball pythons
  6 bats
  3 giant cockroaches
  11 goblins
  6 hobgoblins
  3 kobolds (D:2)
  3 quokkas (D:2)
  6 frilled lizards
  5 rats
60 creatures vanquished.

Notes
Turn   | Place    | Note
-------+----------+-------------------------------------------
     0 | D:1      | inc the Octopode Fighter began the quest for the Orb.
     0 | D:1      | Reached XP level 1. HP: 16/16 MP: 1/1
   191 | D:1      | Reached XP level 2. HP: 15/21 MP: 2/2
   598 | D:1      | Reached XP level 3. HP: 26/26 MP: 3/3
  1053 | D:2      | Found a blossoming altar of Fedhas.
  1090 | D:2      | Noticed Jessica
  1097 | D:2      | Killed Jessica
  1097 | D:2      | Reached skill level 4 in Dodging
  1097 | D:2      | Reached XP level 4. HP: 20/31 MP: 4/4
  1492 | D:2      | Found a glowing silver altar of Zin.
  1492 | D:2      | Found a burning altar of Makhleb.
  1493 | D:2      | Noticed a cacodemon
  1493 | D:2      | Noticed an angel
  1844 | D:3      | Reached XP level 5. HP: 24/36 MP: 5/5
  2008 | D:4      | Noticed Menkaure
  2067 | D:4      | Noticed a two-headed ogre
  2076 | D:4      | Slain by a two-headed ogre

Skill      XL: |  1  2  3 |
---------------+----------+-----
Maces & Flails | 3 |  3.9
Dodging        | 4 |  4.1
Fighting       | |  3.0
Shields        | |  3.5

Action                   |  1- 3 |  4- 6 || total
-------------------------+-------+-------++-------
Melee: Flail             |    52 |    56 ||   108
       Constrict         |    18 |    17 ||    35
       Tentacles         |     6 |     8 ||    14
  Use: Scroll            |       |     6 ||     6
       Potion            |       |     1 ||     1
 Stab: Sleeping          |     2 |     4 ||     6
  Eat: Chunk             |       |     4 ||     4
Armor: Skin              |     2 |     5 ||     7
Dodge: Dodged            |    14 |    30 ||    44
Block: Shield            |    13 |    30 ||    43
